| TOP OF THE 1ST |
|
Sioux Falls Packers batting - Pitching for St. Cloud Rox : RHP Jeff A Jones
|
|
Pitching: RHP Jeff A Jones
|
|
|
Batting: RHB Ulises Infante
|
0-0: Swinging Strike 0-1: Ball 1-1: Called Strike 1-2: Fly out, F9 (Flyball, 9LMF, EV 84.4 MPH)
|
|
Batting: RHB Daniel Gausepohl
|
0-0: Ball 1-0: Called Strike 1-1: Foul Ball, location: 2F 1-2: Foul Ball, location: 2F 1-2: Ground out U3 (Groundball, 3S, EV 85.6 MPH)
|
|
Batting: LHB Roberto Ruiz
|
0-0: Ball 1-0: Ground out 4-3 (Groundball, 34, EV 104.4 MPH)
|
| Top of the 1st over - 0 runs, 0 hits, 0 errors, 0 left on base; Sioux Falls 0 - St. Cloud 0 |
| BOTTOM OF THE 1ST |
|
St. Cloud Rox batting - Pitching for Sioux Falls Packers : RHP John Harshbarger
|
|
Pitching: RHP John Harshbarger
|
|
|
Batting: LHB Doran Perdue
|
0-0: Called Strike 0-1: Ball 1-1: Ball 2-1: Swinging Strike 2-2: Foul Ball, location: 2F 2-2: Foul Ball, location: 2F 2-2: Foul Ball, location: 2F 2-2: SINGLE (Groundball, 6, EV 80.0 MPH) (infield hit)
|
|
Batting: SHB Alan Wiggins
|
0-0: Called Strike 0-1: Ball 1-1: Ball 2-1: Foul Ball, location: 2F 2-2: Strikes out looking
|
|
Batting: SHB R J Reynolds
|
0-0: Ball 1-0: Ball Doran Perdue steals 2nd base 2-0: Called Strike 2-1: Swinging Strike 2-2: TRIPLE (Line Drive, 89XD, EV 105.6 MPH) Doran Perdue scores
|
|
Batting: RHB Mark M Corey
|
0-0: Called Strike 0-1: Fly out, F9 (Flyball, 9, EV 93.8 MPH)
|
|
Batting: RHB Douglas Morganti
|
0-0: Called Strike 0-1: Foul Ball, location: 2F 0-2: Foul Ball, location: 2F 0-2: Ball 1-2: Strikes out looking
|
| Bottom of the 1st over - 1 run, 2 hits, 0 errors, 1 left on base; Sioux Falls 0 - St. Cloud 1 |
| TOP OF THE 2ND |
|
Sioux Falls Packers batting - Pitching for St. Cloud Rox : RHP Jeff A Jones
|
|
Batting: RHB Kevin Miller
|
0-0: Called Strike 0-1: Ball 1-1: Fly out, F8 (Flyball, 8LD, EV 75.6 MPH)
|
|
Batting: LHB Daniel McInerny
|
0-0: Called Strike 0-1: Called Strike 0-2: Strikes out swinging
|
|
Batting: RHB John Damon
|
0-0: Called Strike 0-1: Ball 1-1: Ball 2-1: Ball 3-1: Base on Balls
|
|
Batting: RHB Joe Roberts
|
0-0: Ball John Damon steals 2nd base 1-0: Called Strike 1-1: Foul Ball, location: 2F 1-2: Ground out 3-1 (Groundball, 34, EV 88.1 MPH)
|
| Top of the 2nd over - 0 runs, 0 hits, 0 errors, 1 left on base; Sioux Falls 0 - St. Cloud 1 |
| BOTTOM OF THE 2ND |
|
St. Cloud Rox batting - Pitching for Sioux Falls Packers : RHP John Harshbarger
|
|
Batting: RHB Gregory Thys
|
0-0: Called Strike 0-1: Foul Ball, location: 2F 0-2: Ball 1-2: Ball 2-2: Ball 3-2: Fly out, F7 (Flyball, 78M, EV 95.6 MPH)
|
|
Batting: RHB Dennis Sherrill
|
0-0: Swinging Strike 0-1: Ball 1-1: Called Strike 1-2: Ball 2-2: Foul Ball, location: 2F 2-2: Strikes out swinging
|
|
Batting: RHB David Peterson
|
0-0: Ball 1-0: Ball 2-0: Called Strike 2-1: Called Strike 2-2: Foul Ball, location: 2F 2-2: Ball 3-2: Foul Ball, location: 2F 3-2: Base on Balls
|
|
Batting: RHB Rich Velasquez
|
0-0: Swinging Strike 0-1: Called Strike David Peterson steals 2nd, throwing error, E2 David Peterson to third 0-2: Ball 1-2: Foul Ball, location: 2F 1-2: Fly out, F7 (Flyball, 7D, EV 96.9 MPH)
|
| Bottom of the 2nd over - 0 runs, 0 hits, 1 error, 1 left on base; Sioux Falls 0 - St. Cloud 1 |
| TOP OF THE 3RD |
|
Sioux Falls Packers batting - Pitching for St. Cloud Rox : RHP Jeff A Jones
|
|
Batting: LHB Charles Rouse
|
0-0: Swinging Strike 0-1: Called Strike 0-2: Foul Ball, location: 2F 0-2: Ball 1-2: Strikes out looking
|
|
Batting: RHB Roy Dixon
|
0-0: SINGLE (Flyball, 9LS, EV 93.8 MPH)
|
|
Batting: RHB Ulises Infante
|
0-0: Ball 1-0: SINGLE (Line Drive, 8LS, EV 87.5 MPH) Roy Dixon to second Runner from 2nd tries for 3rd, SAFE, no throw by CF
|
|
Batting: RHB Daniel Gausepohl
|
0-0: Ball 1-0: Ball 2-0: Foul Ball, location: 2F 2-1: TRIPLE (Flyball, 89D, EV 93.1 MPH) Roy Dixon scores Ulises Infante scores
|
|
Batting: LHB Roberto Ruiz
|
0-0: Ball 1-0: Swinging Strike 1-1: Foul Ball, location: 2F 1-2: Strikes out swinging
|
|
Batting: RHB Kevin Miller
|
0-0: DOUBLE (Flyball, 8LXD, EV 89.4 MPH) Daniel Gausepohl scores
|
|
Batting: LHB Daniel McInerny
|
0-0: Ball 1-0: Foul Ball, location: 2F 1-1: SINGLE (Line Drive, 34D, EV 103.8 MPH) Kevin Miller to third
|
|
Batting: RHB John Damon
|
0-0: Ball 1-0: Ball 2-0: Foul Ball, location: 2F 2-1: SINGLE (Groundball, 6MS, EV 62.5 MPH) (infield hit) Kevin Miller scores Daniel McInerny to second
|
|
Batting: RHB Joe Roberts
|
0-0: Called Strike 0-1: Ball 1-1: Fly out, F4 (Flyball, 34D, EV 88.8 MPH)
|
| Top of the 3rd over - 4 runs, 6 hits, 0 errors, 2 left on base; Sioux Falls 4 - St. Cloud 1 |
| BOTTOM OF THE 3RD |
|
St. Cloud Rox batting - Pitching for Sioux Falls Packers : RHP John Harshbarger
|
|
Batting: LHB Doran Perdue
|
0-0: Ball 1-0: SINGLE (Groundball, 4D, EV 103.8 MPH)
|
|
Batting: SHB Alan Wiggins
|
0-0: Called Strike 0-1: Grounds out, U3 (Groundball, 3L, EV 87.5 MPH)
|
|
Batting: SHB R J Reynolds
|
0-0: Ball 1-0: Called Strike 1-1: Foul Ball, location: 2F 1-2: 2-RUN HOME RUN (Flyball, 7D, EV 101.3 MPH), Distance : 367 ft
|
|
Batting: RHB Mark M Corey
|
0-0: Ball 1-0: Swinging Strike 1-1: Ground out 5-3 (Groundball, 56S, EV 83.1 MPH)
|
|
Batting: RHB Douglas Morganti
|
0-0: Ball 1-0: Ball 2-0: Foul Ball, location: 2F 2-1: Foul Ball, location: 2F 2-2: Ball 3-2: Foul Ball, location: 2F 3-2: Base on Balls
|
|
Batting: RHB Gregory Thys
|
0-0: Called Strike 0-1: Fielders Choice at 2nd, 6-4 (Groundball, 56, EV 107.5 MPH)
|
| Bottom of the 3rd over - 2 runs, 2 hits, 0 errors, 1 left on base; Sioux Falls 4 - St. Cloud 3 |
| TOP OF THE 4TH |
|
Sioux Falls Packers batting - Pitching for St. Cloud Rox : RHP Jeff A Jones
|
|
Batting: LHB Charles Rouse
|
0-0: Foul Ball, location: 2F 0-1: Ground out 4-3 (Groundball, 34, EV 85.6 MPH)
|
|
Batting: RHB Roy Dixon
|
0-0: Called Strike 0-1: Foul Ball, location: 2F 0-2: Ball 1-2: Strikes out looking
|
|
Batting: RHB Ulises Infante
|
0-0: Ball 1-0: Called Strike 1-1: Ball 2-1: Called Strike 2-2: Foul Ball, location: 2F 2-2: Ball 3-2: Foul Ball, location: 2F 3-2: Base on Balls
|
|
Batting: RHB Daniel Gausepohl
|
0-0: Called Strike 0-1: SINGLE (Flyball, 8LS, EV 88.1 MPH) Ulises Infante to second Runner from 2nd tries for 3rd, SAFE, no throw by CF
|
|
Batting: LHB Roberto Ruiz
|
0-0: Ball 1-0: Called Strike 1-1: Ball 2-1: Ball 3-1: Foul Ball, location: 2F 3-2: Fly out, F4 (Popup, 34, EV 69.4 MPH)
|
| Top of the 4th over - 0 runs, 1 hit, 0 errors, 2 left on base; Sioux Falls 4 - St. Cloud 3 |
| BOTTOM OF THE 4TH |
|
St. Cloud Rox batting - Pitching for Sioux Falls Packers : RHP John Harshbarger
|
|
Batting: RHB Dennis Sherrill
|
0-0: Ball 1-0: Ball 2-0: Swinging Strike 2-1: Ground out 4-3 (Groundball, 34, EV 100.6 MPH)
|
|
Batting: RHB David Peterson
|
0-0: Called Strike 0-1: Ball 1-1: Swinging Strike 1-2: Ball 2-2: SINGLE (Groundball, 56D, EV 102.5 MPH)
|
|
Batting: RHB Rich Velasquez
|
0-0: Fly out, F9 (Flyball, 9LM, EV 86.3 MPH)
|
|
Batting: LHB Doran Perdue
|
0-0: Called Strike 0-1: Ball 1-1: Foul Ball, location: 2F 1-2: Ball 2-2: Fly out, F8 (Flyball, 78D, EV 94.4 MPH)
|
| Bottom of the 4th over - 0 runs, 1 hit, 0 errors, 1 left on base; Sioux Falls 4 - St. Cloud 3 |
| TOP OF THE 5TH |
|
Sioux Falls Packers batting - Pitching for St. Cloud Rox : RHP Jeff A Jones
|
|
Batting: RHB Kevin Miller
|
0-0: Called Strike 0-1: Ball 1-1: Called Strike 1-2: Strikes out looking
|
|
Batting: LHB Daniel McInerny
|
0-0: Ball 1-0: Ball 2-0: Called Strike 2-1: SINGLE (Flyball, 8LS, EV 89.4 MPH)
|
|
Batting: RHB John Damon
|
0-0: Ball 1-0: Ball 2-0: Called Strike 2-1: Foul Ball, location: 2F 2-2: Foul Ball, location: 2F 2-2: Strikes out swinging
|
|
Batting: RHB Joe Roberts
|
0-0: Foul Ball, location: 2F 0-1: Ground out U3 (Groundball, 34, EV 87.5 MPH)
|
| Top of the 5th over - 0 runs, 1 hit, 0 errors, 1 left on base; Sioux Falls 4 - St. Cloud 3 |
| BOTTOM OF THE 5TH |
|
St. Cloud Rox batting - Pitching for Sioux Falls Packers : RHP John Harshbarger
|
|
Batting: SHB Alan Wiggins
|
0-0: Called Strike 0-1: Foul Ball, location: 2F 0-2: Ground out 6-3 (Groundball, 6, EV 78.8 MPH)
|
|
Batting: SHB R J Reynolds
|
0-0: Ground out 4-3 (Groundball, 4S, EV 84.4 MPH)
|
|
Batting: RHB Mark M Corey
|
0-0: Fly out, F4 (Flyball, 4MD, EV 93.1 MPH)
|
| Bottom of the 5th over - 0 runs, 0 hits, 0 errors, 0 left on base; Sioux Falls 4 - St. Cloud 3 |
| TOP OF THE 6TH |
|
Sioux Falls Packers batting - Pitching for St. Cloud Rox : RHP Jeff A Jones
|
|
Batting: LHB Charles Rouse
|
0-0: Ball 1-0: Ball 2-0: SINGLE (Line Drive, 78S, EV 89.4 MPH)
|
|
Batting: RHB Roy Dixon
|
0-0: Ball 1-0: Sac Bunt to 3S - play at first, batter OUT! 3-4 Charles Rouse to second
|
|
Batting: RHB Ulises Infante
|
0-0: Called Strike 0-1: TRIPLE (Line Drive, 9LD, EV 108.8 MPH) Charles Rouse scores
|
|
Pitching: LHP Gibson Alba
|
|
|
Batting: RHB Daniel Gausepohl
|
0-0: Intentional Walk
|
|
Batting: LHB Roberto Ruiz
|
0-0: Ball 1-0: Foul Ball, location: 2F 1-1: Ball 2-1: Foul Ball, location: 2F 2-2: Ball 3-2: Foul Ball, location: 2F 3-2: Base on Balls Daniel Gausepohl to second
|
|
Batting: RHB Kevin Miller
|
0-0: Called Strike 0-1: Swinging Strike 0-2: Ball 1-2: Fly out, F7 (Flyball, 78D, EV 95.0 MPH)
|
|
Batting: LHB Daniel McInerny
|
0-0: Called Strike 0-1: Foul Ball, location: 2F 0-2: Strikes out looking
|
| Top of the 6th over - 1 run, 2 hits, 0 errors, 3 left on base; Sioux Falls 5 - St. Cloud 3 |
| BOTTOM OF THE 6TH |
|
St. Cloud Rox batting - Pitching for Sioux Falls Packers : RHP John Harshbarger
|
|
Batting: RHB Douglas Morganti
|
0-0: Called Strike 0-1: Ground out 6-3 (Groundball, 6S, EV 61.3 MPH)
|
|
Batting: RHB Gregory Thys
|
0-0: Ball 1-0: SINGLE (Line Drive, 8LS, EV 104.4 MPH)
|
|
Batting: RHB Dennis Sherrill
|
0-0: Called Strike 0-1: Swinging Strike 0-2: Strikes out swinging
|
|
Batting: RHB David Peterson
|
0-0: Called Strike 0-1: Ball 1-1: Ball 2-1: Fly out, F7 (Flyball, 78S, EV 83.8 MPH)
|
| Bottom of the 6th over - 0 runs, 1 hit, 0 errors, 1 left on base; Sioux Falls 5 - St. Cloud 3 |
| TOP OF THE 7TH |
|
Sioux Falls Packers batting - Pitching for St. Cloud Rox : LHP Gibson Alba
|
|
Batting: RHB John Damon
|
0-0: Foul Ball, location: 2F 0-1: Swinging Strike 0-2: SINGLE (Line Drive, 7S, EV 91.3 MPH)
|
|
Batting: RHB Joe Roberts
|
0-0: Ball 1-0: Called Strike 1-1: Ball 2-1: Ball 3-1: SINGLE (Line Drive, 5D, EV 93.8 MPH) John Damon to second
|
|
Batting: LHB Charles Rouse
|
0-0: Called Strike 0-1: Ball 1-1: Called Strike 1-2: Foul Ball, location: 2F 1-2: Foul Ball, location: 2F 1-2: Fly out, F8 (Flyball, 8LM, EV 97.5 MPH)
|
|
Pitching: LHP Jordan Ortiz
|
|
|
Batting: RHB Roy Dixon
|
0-0: Called Strike 0-1: Called Strike 0-2: Grounds into double play, 4-6-3 (Groundball, 4M, EV 89.4 MPH)
|
| Top of the 7th over - 0 runs, 2 hits, 0 errors, 1 left on base; Sioux Falls 5 - St. Cloud 3 |
| BOTTOM OF THE 7TH |
|
St. Cloud Rox batting - Pitching for Sioux Falls Packers : RHP John Harshbarger
|
|
Batting: RHB Rich Velasquez
|
0-0: Called Strike 0-1: Foul Ball, location: 2F 0-2: SINGLE (Line Drive, 89M, EV 95.0 MPH)
|
|
Batting: LHB Doran Perdue
|
0-0: Ball Rich Velasquez is caught stealing 2nd base 2-6 1-0: Ball 2-0: Fly out, F2 (Popup, 25F, EV 89.4 MPH)
|
|
Batting: SHB Alan Wiggins
|
0-0: Called Strike 0-1: Ball 1-1: Ball 2-1: Foul Ball, location: 2F 2-2: Foul Ball, location: 2F 2-2: Fly out, F9 (Flyball, 89M, EV 91.9 MPH)
|
| Bottom of the 7th over - 0 runs, 1 hit, 0 errors, 0 left on base; Sioux Falls 5 - St. Cloud 3 |
| TOP OF THE 8TH |
|
Sioux Falls Packers batting - Pitching for St. Cloud Rox : LHP Jordan Ortiz
|
|
Batting: RHB Ulises Infante
|
0-0: Ball 1-0: Ball 2-0: Ball 3-0: Base on Balls
|
|
Batting: RHB Daniel Gausepohl
|
0-0: Called Strike 0-1: Called Strike 0-2: Strikes out swinging
|
|
Batting: LHB Roberto Ruiz
|
0-0: Fielders Choice at 2nd, 6-4 (Groundball, 6, EV 87.5 MPH)
|
|
Batting: RHB Kevin Miller
|
0-0: Ball 1-0: Ball 2-0: Ball 3-0: Base on Balls Roberto Ruiz to second
|
|
Batting: LHB Daniel McInerny
|
0-0: Foul Ball, location: 2F 0-1: Ball 1-1: Ball 2-1: Foul Ball, location: 2F 2-2: Ground out 4-3 (Groundball, 34D, EV 104.4 MPH)
|
| Top of the 8th over - 0 runs, 0 hits, 0 errors, 2 left on base; Sioux Falls 5 - St. Cloud 3 |
| BOTTOM OF THE 8TH |
|
St. Cloud Rox batting - Pitching for Sioux Falls Packers : RHP John Harshbarger
|
|
Batting: SHB R J Reynolds
|
0-0: Called Strike 0-1: Ball 1-1: Called Strike 1-2: Ground out 4-3 (Groundball, 4S, EV 94.4 MPH)
|
|
Batting: RHB Mark M Corey
|
0-0: Ball 1-0: Foul Ball, location: 2F 1-1: Foul Ball, location: 2F 1-2: SINGLE (Line Drive, 4D, EV 93.8 MPH)
|
|
Batting: RHB Douglas Morganti
|
0-0: Ball 1-0: Ball 2-0: Foul Ball, location: 2F 2-1: Foul Ball, location: 2F 2-2: Fielders Choice at 2nd, 5-4 (Groundball, 56S, EV 83.8 MPH)
|
|
Batting: RHB Gregory Thys
|
0-0: Called Strike 0-1: Ball 1-1: Ground out 1-3 (Groundball, 13S, EV 73.8 MPH)
|
| Bottom of the 8th over - 0 runs, 1 hit, 0 errors, 1 left on base; Sioux Falls 5 - St. Cloud 3 |
| TOP OF THE 9TH |
|
Sioux Falls Packers batting - Pitching for St. Cloud Rox : LHP Jordan Ortiz
|
|
Batting: RHB John Damon
|
0-0: Ball 1-0: Ball 2-0: Ball 3-0: Base on Balls
|
|
Batting: RHB Joe Roberts
|
0-0: Ball 1-0: Called Strike 1-1: Ball 2-1: Fly out, F8 (Flyball, 8LXD, EV 99.4 MPH)
|
|
Batting: LHB Charles Rouse
|
0-0: Ball 1-0: Fly out, F8 (Flyball, 8RD, EV 95.0 MPH)
|
|
Batting: RHB Roy Dixon
|
0-0: Called Strike 0-1: SINGLE (Groundball, 56D, EV 104.4 MPH) John Damon to second
|
|
Batting: RHB Ulises Infante
|
0-0: Fly out, F3 (Popup, 3SF, EV 67.5 MPH)
|
| Top of the 9th over - 0 runs, 1 hit, 0 errors, 2 left on base; Sioux Falls 5 - St. Cloud 3 |
| BOTTOM OF THE 9TH |
|
St. Cloud Rox batting - Pitching for Sioux Falls Packers : RHP John Harshbarger
|
|
Pitching: RHP Robert Allen
|
|
|
Batting: RHB Dennis Sherrill
|
0-0: Ball 1-0: Foul Ball, location: 2F 1-1: Ball 2-1: Ground out 1-3 (Groundball, 23, EV 91.9 MPH)
|
|
Batting: RHB David Peterson
|
0-0: Ball 1-0: Foul Ball, location: 2F 1-1: Called Strike 1-2: Fly out, F8 (Flyball, 8RD, EV 91.3 MPH)
|
|
Batting: RHB Rich Velasquez
|
0-0: Called Strike 0-1: SINGLE (Line Drive, 78M, EV 96.9 MPH)
|
|
Batting: LHB Doran Perdue
|
0-0: Ball 1-0: Ball 2-0: Fly out, F8 (Line Drive, 8LM, EV 96.9 MPH)
|
| Bottom of the 9th over - 0 runs, 1 hit, 0 errors, 1 left on base; Sioux Falls 5 - St. Cloud 3 |
|